 Dungeon Crawl Stone Soup version 0.31-a0-204-g7da18cac08 (webtiles) character file.

Game seed: 13065032742433574353

101 qw the Shooter (level 4, 0/25 HPs)
             Began as a Deep Elf Hunter on June 27, 2023.
             Slain by a gnoll
             ... wielding a +0 whip of electrocution
              (4 damage)
             ... on level 4 of the Dungeon.
             The game lasted 00:00:46 (2464 turns).

qw the Shooter (Deep Elf Hunter)                    Turns: 2464, Time: 00:00:46

Health: 0/25       AC:  6    Str:  9 (10) XL:     4   Next: 48%
Magic:  6/6        EV: 10    Int: 12 (14) God:
Gold:   164        SH:  0    Dex: 15 (18) Spells: 3/3 levels left

rFire   . . .        Y - +0 shortbow
rCold   + . .        (shield currently unavailable)
rNeg    . . .        g - +0 ring mail
rPois   .            f - +0 helmet
rElec   .            (no cloak)
rCorr   .            (no gloves)
SInv    .            (no boots)
Will    .....        (no amulet)
Stlth   +            i - ring of protection from cold
HPRegen 0.24/turn    (no ring)
MPRegen 0.10/turn

%: no passive effects
@: no status effects
A: no striking features
a: no special abilities


You were on level 4 of the Dungeon.
You visited 1 branch of the dungeon, and saw 4 of its levels.

You collected 164 gold pieces.


   Skills:
 - Level 1.5 Fighting
 + Level 7.9 Ranged Weapons
 - Level 2.4 Dodging
 - Level 1.2 Stealth


You had 3 spell levels left.
You didn't know any spells.
Your spell library was empty.

Inventory:

Hand Weapons
 Y - a +0 shortbow (weapon)
Armour
 f - a +0 helmet (worn)
 g - a +0 ring mail (worn)
Jewellery
 i - a ring of protection from cold (left hand)
Scrolls
 c - a scroll of identify
Potions
 a - a potion of curing {unknown}
 d - a potion of might {unknown}
 h - a potion of resistance {unknown}

Dungeon Overview and Level Annotations

Branches:
Dungeon (4/15)
 Temple: D:4-7

Altars:
Elyvilon
Yredelemnul
The Shining One


Message History

The dart slug barely misses you.
The orc priest hits you but does no damage.
You shoot an arrow. The arrow barely misses the orc priest.
The orc priest hits you with a +0 flail!
You shoot an arrow.
The arrow closely misses the orc priest.
The dart slug barely misses you. The orc priest barely misses you.
You shoot an arrow. The arrow barely misses the orc priest.
The orc priest mumbles some strange prayers to Beogh against you.
You barely resist. The dart slug barely misses you.
You shoot an arrow. The arrow hits the orc priest!
The orc priest is almost dead.
The orc priest hits you with a +0 flail.
The dart slug closely misses you.
You shoot an arrow. The arrow hits the orc priest.
You kill the orc priest!
The dart slug launches a dart at you. The slug dart hits you.
You feel your strength returning.
You shoot an arrow. The arrow hits the dart slug!
You kill the dart slug!
You start resting.
HP restored.
Done exploring.
(D) Dungeon
Where to? (* - list waypoints, Enter - D:4, ? - help)
What level of the Dungeon? (default 1, ? - help)
You climb downwards.
You hear the hiss of flowing sand.
There is an entrance to an ossuary on this level.
Hurry and find it before the portal is buried!
You hear the slow hiss of an avalanche of sand very nearby.
An orc comes into view. It is wielding a +0 morningstar.
The gnoll hits you with a +0 whip of electrocution!
The gnoll hits you with a +0 flail. x2; The gnoll barely misses you.
The gnoll hits you with a +0 flail. The gnoll closely misses you.
There is a stone staircase leading up, spattered with blood here.
2464 ||| STAIRDANCE The orc shouts!
The gnoll hits you with a +0 whip of electrocution.
You die...

#. ####.
#########
.....##........
...............
#..............
..........>....
.......gg...$..
.......@.......
#......g.......
..............#
.........g.....
#..............
.......o.......
#..............
..............)


You could see 4 gnolls and an orc.

Vanquished Creatures
  An orc priest (D:3)
  2 adders
  A dart slug (D:3)
  7 orcs (D:3)
  7 ball pythons
  4 endoplasms
  A giant cockroach (D:2)
  6 goblins
  3 hobgoblins (D:1)
  2 jackals (D:2)
  2 kobolds
  4 quokkas
  2 bats (D:1)
  5 frilled lizards
  4 rats
51 creatures vanquished.

Notes
Turn   | Place    | Note
-------+----------+-------------------------------------------
     0 | D:1      | qw the Deep Elf Hunter began the quest for the Orb.
     0 | D:1      | Reached XP level 1. HP: 12/12 MP: 3/3
     0 | D:1      | 0 ||| qw: Version: 0.3-a-22-g0ed2b0b
     0 | D:1      | 0 ||| qw: Game counter: 6528
     0 | D:1      | 0 ||| qw: Melee chars always use a shield: true
     0 | D:1      | 0 ||| qw: God list: Okawaru
     0 | D:1      | 0 ||| qw: Allow faded altars: false
     0 | D:1      | 0 ||| qw: Do Orc after clearing Dungeon:15 true
     0 | D:1      | 0 ||| qw: Do second Lair branch before Depths: true
     0 | D:1      | 0 ||| qw: Lair rune preference: random
     0 | D:1      | 0 ||| qw: Goals: Normal
     0 | D:1      | 0 ||| PLANNING D:1-11
   266 | D:1      | Reached skill level 6 in Ranged Weapons
   266 | D:1      | Reached XP level 2. HP: 16/16 MP: 4/4
   787 | D:1      | HP: 2/16 [goblin/+1 dagger of holy wrath (4)]
   895 | D:1      | 895 ||| READING scroll labelled TIL UCAIREAKOE.
   896 | D:1      | 896 ||| DROPPING scroll of butterflies.
  1168 | D:2      | Reached XP level 3. HP: 8/20 MP: 5/5
  1225 | D:2      | Found a faded altar of an unknown god.
  1248 | D:2      | Found a glowing golden altar of the Shining One.
  1341 | D:2      | Reached skill level 7 in Ranged Weapons
  1447 | D:2      | 1447 ||| UPGRADING to +0 scale mail.
  1457 | D:2      | 1457 ||| DROPPING +0 leather armour.
  1458 | D:2      | 1458 ||| UPGRADING to +0 helmet.
  1463 | D:2      | 1463 ||| READING scroll labelled OSIKHO QET SIY.
  1464 | D:2      | 1464 ||| READING 3 scrolls labelled LILOEM PECUCA.
  1465 | D:2      | 1465 ||| DROPPING 2 scrolls of fog.
  1467 | D:2      | 1467 ||| Stepping ~*~*~tactically~*~*~ (cloud).
  1683 | D:3      | 1683 ||| FLEEEEING.
  1684 | D:3      | 1684 ||| FLEEEEING.
  1685 | D:3      | 1685 ||| FLEEEEING.
  1686 | D:3      | 1686 ||| FLEEEEING.
  1687 | D:3      | 1687 ||| FLEEEEING.
  1688 | D:3      | 1688 ||| FLEEEEING.
  1689 | D:3      | 1689 ||| FLEEEEING.
  1690 | D:3      | 1690 ||| FLEEEEING.
  1693 | D:3      | 1693 ||| FLEEEEING.
  1694 | D:3      | 1694 ||| FLEEEEING.
  1695 | D:3      | 1695 ||| FLEEEEING.
  1788 | D:3      | Found a basalt altar of Yredelemnul.
  1942 | D:3      | Found a white marble altar of Elyvilon.
  2033 | D:3      | Reached XP level 4. HP: 25/25 MP: 6/6
  2291 | D:3      | 2291 ||| UPGRADING to +0 ring mail.
  2301 | D:3      | 2301 ||| DROPPING +0 scale mail.
  2302 | D:3      | 2302 ||| UPGRADING to ring of protection from cold.
  2303 | D:3      | 2303 ||| READING scroll labelled RUIRUZXEIC.
  2304 | D:3      | 2304 ||| DRINKING 2 grey potions.
  2305 | D:3      | 2305 ||| DROPPING potion of degeneration.
  2322 | D:4      | 2322 ||| PLANNING OSSUARY
  2324 | D:4      | 2324 ||| STAIRDANCE
  2335 | D:4      | 2335 ||| STAIRDANCE
  2378 | D:4      | 2378 ||| STAIRDANCE
  2463 | D:4      | HP: 4/25 [gnoll/+0 flail (5)]
  2464 | D:4      | 2464 ||| STAIRDANCE
  2464 | D:4      | Slain by a gnoll

Levels and vault maps discovered:
D:1:      lightli_iron_boxes, layout_basic
D:2:      layout_basic, shapermc_ecumenical_altar_mp_ritualfount, basic_altar,
          minmay_pentomino_v4
D:3:      layout_basic, yredelemnul_altar_generic, nicolae_elyvilon_temple_path
D:4:      layout_rooms, tgw_fedhas, enter_ossuary_3

Skill      XL: |  1  2  3 |
---------------+----------+-----
Ranged Weapons | 6 7 |  7.9
Fighting       | |  1.5
Dodging        | |  2.4
Stealth        | |  1.2

Action                     |  1- 3 |  4- 6 || total
---------------------------+-------+-------++-------
   Fire: Shortbow          |   109 |    21 ||   130
    Use: Scroll            |     3 |     1 ||     4
         Potion            |       |     1 ||     1
 Armour: Scale mail        |     7 |       ||     7
         Leather armour    |     1 |       ||     1
         Ring mail         |       |     5 ||     5
  Dodge: Dodged            |    22 |    16 ||    38

Table legend:
 A = Non-vault XP
 B = Vault XP
 C = Vault XP percentage of total XP
 D = Non-vault monster count
 E = Vault monster count
 F = Vault count percentage of total count
                 A         B        C        D         E       F
            +---------+---------+-------+---------+---------+-------
      Total |     135 |      10 |   6.9 |      46 |       5 |   9.8
            +---------+---------+-------+---------+---------+-------
        D:1 |      28 |       0 |   0.0 |      18 |       0 |   0.0
        D:2 |      30 |      10 |  25.0 |      11 |       5 |  31.2
        D:3 |      75 |       0 |   0.0 |      16 |       0 |   0.0
        D:4 |       2 |       0 |   0.0 |       1 |       0 |   0.0
            +---------+---------+-------+---------+---------+-------
